 Dungeon Crawl Stone Soup version 0.28-a0-1167-g616b1c6417 (webtiles) character file.

Game seed: 10458094950206396150

725 Htamos the Ogre Mage (level 7, 0/68 HPs)
             Began as an Ogre Conjurer on Dec 16, 2021.
             Slain by a gnoll (3 damage)
             ... on level 5 of the Dungeon.
             The game lasted 00:08:37 (4711 turns).

Htamos the Ogre Mage (Ogre Conjurer)                Turns: 4711, Time: 00:08:39

Health: 0/68       AC:  4    Str: 21    XL:     7   Next: 71%
Magic:  15/15      EV: 10    Int: 19    God:
Gold:   106        SH:  0    Dex:  7    Spells: 16/17 levels left

rFire   . . .      SeeInvis .   j - +5 dagger of Light {drain, Str+7}
rCold   . . .      Faith    .   (no shield)
rNeg    + . .      Spirit   .   a - +1 robe
rPois   .          Reflect  .   (helmet restricted)
rElec   .          Harm     .   (no cloak)
rCorr   .          Rampage  .   (gloves unavailable)
Will    .....                   (boots unavailable)
Stlth   +.........              (no amulet)
HPRegen 0.21/turn               b - ring of positive energy
MPRegen 0.14/turn               (no ring)

@: lethally poisoned (0 -> -6), about to teleport
A: large, unfitting armour, tough skin 1
a: no special abilities


You were on level 5 of the Dungeon.
You visited 1 branch of the dungeon, and saw 5 of its levels.
You also visited: Sewer.

You collected 106 gold pieces.

Inventory:

Hand Weapons
 e - a +0 dagger
 g - a +0 flail
 h - a +2 quarterstaff of draining
 j - the +5 dagger of Light (weapon) {drain, Str+7}
   (You took it off an orc on level 4 of the Dungeon)

   A truly terrible weapon, it drains the life of any living foe it strikes.
   Str:       It affects your strength (+7).
 r - a +2 vampiric short sword
 s - a +1 vampiric dagger
Missiles
 d - 27 poisoned darts
Armour
 a - a +1 robe (worn)
Jewellery
 b - a ring of positive energy (left hand)
 k - a ring of ice
Wands
 p - a wand of polymorph (8)
Scrolls
 f - 2 scrolls of enchant armour
 i - a scroll of amnesia {unknown}
 n - a scroll of enchant weapon {unknown}
 o - a scroll of silence {unknown}
 q - a scroll of fear {unknown}
 u - a scroll of fog {unknown}
 v - a scroll of brand weapon {unknown}
Potions
 l - a potion of mutation


   Skills:
 + Level 3.7 Fighting
 - Level 2.5 Staves
 + Level 2.1 Armour
 + Level 3.3 Dodging
 - Level 1.5 Stealth
 * Level 5.5 Spellcasting
 + Level 4.6 Conjurations


You had 16 spell levels left.
You knew the following spells:

 Your Spells              Type           Power      Damage    Failure   Level
a - Magic Dart            Conj           88%        1d7       1%          1

Your spell library contained the following spells:

 Spells                   Type           Power      Damage    Failure   Level
 Searing Ray              Conj           44%        2d6       2%          2
 Dazzling Flash           Conj/Hex       28%        N/A       14%         3
 Fulminant Prism          Conj/Hex       7%         3d7       41%         4
 Iskenderun's Mystic Bla  Conj/Tloc      14%        2d5       41%         4


Dungeon Overview and Level Annotations

Branches:
Dungeon (5/15)              Sewer (visited)
 Temple: D:4-7

Altars:
Elyvilon

Annotations:
D:4 Grinder


Innate Abilities, Weirdness & Mutations

You are too large for most types of armour.
You have tough skin. (AC +1)


Message History

Found an escape hatch in the ceiling.
Casting: Magic Dart (safe; 1% risk of failure)
Confirm with . or Enter, or press ? or * to list all spells.
Aiming: Magic Dart (safe; 1% risk of failure)
Press: ? - help, Shift-Dir - straight line, f - endoplasm
Aim: an endoplasm (100% to hit)
The magic dart hits the endoplasm!
You kill the endoplasm!
Unknown command.
A necrophage comes into view.
Found a scroll labelled NIXTEI JUHOLI and a scroll of noise.
You recover from your berserk rage.
A hound comes into view. 2 gnolls come into view.
A gnoll is wielding a +2 flail of protection.
Found 19 stones.
A gnoll comes into view. It is wielding a +0 flail.
The gnoll shouts! x3; You hear a shout!
The hound barks!
The hound bites you.
* * * LOW HITPOINT WARNING * * *
The hound closely misses you.
A gnoll sergeant comes into view. It is wielding a +2 spear of venom.
The hound bites you.
* * * LOW HITPOINT WARNING * * *
The hound bites you.
* * * LOW HITPOINT WARNING * * *
Unknown command.
Found 9 gold pieces.
The hound bites you.
* * * LOW HITPOINT WARNING * * *
The gnoll closely misses you.
Unknown command.
As you read the scroll of teleportation, it crumbles to dust.
You feel strangely unstable. The hound completely misses you.
The scorpion stings you.
* * * LOW HITPOINT WARNING * * *
You are lethally poisoned!
The scorpion poisons you! The gnoll hits you with a +0 whip.
You die...

........<.....#
#.........#.....
###........## ....
##...........#.....
..#...............
#....)...........
#......Z..#####.#
##s........# .
#####@hn.......##
#......gW<..........
#..##.....###........
.....?.#g...........
..##...#$.g..........
..
.........g..g...... .
.........(.........
..................
..... ###...


You could see a phantom, a necrophage, a gnoll sergeant, a scorpion, a hound, 3
gnolls and a howler monkey skeleton.

Vanquished Creatures
  A moth of wrath (D:4)
  Pargi (Sewer)
  A phantom (D:3)
  An iguana (D:3)
  4 gnolls (D:4)
  3 adders
  2 worms
  2 dart slugs (D:1)
  7 orcs
  5 bats
  4 endoplasms
  A giant cockroach (D:3)
  6 goblins
  2 hobgoblins
  2 quokkas
  13 ball pythons
  6 frilled lizards
  7 kobolds
  5 rats
73 creatures vanquished.

Notes
Turn   | Place    | Note
-------+----------+-------------------------------------------
     0 | D:1      | Htamos the Ogre Conjurer began the quest for the Orb.
     0 | D:1      | Reached XP level 1. HP: 16/16 MP: 3/3
   153 | D:1      | Reached XP level 2. HP: 7/26 MP: 0/5
   570 | D:1      | Found a faded altar of an unknown god.
   964 | D:1      | Reached skill level 1 in Fighting
   964 | D:1      | Reached skill level 3 in Spellcasting
  1328 | D:1      | Reached XP level 3. HP: 30/33 MP: 0/7
  1464 | D:2      | Found a white marble altar of Elyvilon.
  2317 | D:3      | Reached skill level 1 in Staves
  2317 | D:3      | Reached XP level 4. HP: 41/41 MP: 1/9
  3350 | D:4      | Noticed Grinder
  3350 | D:4      | Noticed a phantom
  3509 | D:3      | Killed a phantom
  3510 | D:3      | Reached skill level 4 in Spellcasting
  3510 | D:3      | Reached XP level 5. HP: 38/49 MP: 0/11
  3710 | D:4      | Found a glowing drain.
  3727 | D:4      | Reached skill level 1 in Armour
  3758 | Sewer    | Entered a sewer
  3924 | Sewer    | Noticed Pargi
  3937 | Sewer    | Killed Pargi
  3938 | Sewer    | Reached XP level 6. HP: 43/59 MP: 8/12
  4244 | D:4      | Identified the +5 dagger of Light {drain, Str+7}
  4650 | D:4      | Noticed a two-headed ogre
  4652 | D:4      | Noticed a death drake
  4652 | D:4      | a two-headed ogre changed into a death drake
  4653 | D:4      | Noticed a moth of wrath
  4653 | D:4      | a death drake changed into a moth of wrath
  4662 | D:4      | Killed a moth of wrath
  4662 | D:4      | Paralysed by Grinder for 3 turns
  4663 | D:4      | Reached skill level 5 in Spellcasting
  4663 | D:4      | Reached XP level 7. HP: 66/68 MP: 12/15
  4696 | D:5      | Entered Level 5 of the Dungeon
  4711 | D:5      | HP: 3/68 [scorpion (3)]
  4711 | D:5      | Slain by a gnoll

Illustrated notes

Levels and vault maps discovered:
D:1:      scummos_arrival_simple_fountains, layout_loops_corners,
          basic_ecumenical_altar, st_stairs_4
D:2:      layout_basic, serial_corexii_hall, chequers_hall_statues_wall_a,
          corexii_hall_statues_x, basic_altar, chequers_mini_garden,
          grunt_ministairs_7
D:3:      layout_basic, fountainhead, kennysheep_donut
D:4:      layout_basic, cheibrodos_sewer_entry_bend, uniq_ijyb, uniq_grinder
D:5:      layout_rooms, minmay_temple_entry_slanted, minmay_checkerbox,
          uniq_menkaure

Skill      XL: |  1  2  3  4  5  6 |
---------------+-------------------+-----
Dodging        | 2 3 |  3.3
Fighting       | 1 2 3 |  3.7
Spellcasting   | 3 4 5 |  5.5
Staves         | 1 2 |  2.5
Conjurations   | 4 |  4.6
Armour         | 1 2 |  2.1
Stealth        | |  1.5

Action                   |  1- 3 |  4- 6 |  7- 9 || total
-------------------------+-------+-------+-------++-------
Melee: Unarmed           |     7 |       |       ||     7
       Quarterstaff      |       |    13 |       ||    13
       Dagger            |       |     9 |     9 ||    18
 Cast: Magic Dart        |    69 |   117 |     1 ||   187
Evoke: Wand              |       |     2 |       ||     2
  Use: Scroll            |     3 |     3 |     1 ||     7
       Potion            |       |     5 |       ||     5
Armor: Robe              |     4 |     5 |     4 ||    13
       Skin              |       |    19 |       ||    19
Dodge: Dodged            |    14 |    24 |     8 ||    46

Table legend: (Time is in decaauts)
 A = Elapsed time spent in this place.
 B = Non-inter-level travel time spent in this place.
 C = Inter-level travel time spent in this place.
 D = Time resting spent in this place.
 E = Time spent auto-exploring this place.
 F = Levels seen in this place.
 G = Mean time per level.
                   A        B        C        D        E       F      G
               +--------+--------+--------+--------+--------+-----+--------+
         Total |   4758 |   4684 |     74 |    568 |   3442 |   6 |  793.0 |
       Dungeon |   4347 |   4273 |     74 |    462 |   3187 |   5 |  869.4 |
         Sewer |    410 |    410 |      0 |    106 |    255 |   1 |  410.0 |
               +--------+--------+--------+--------+--------+-----+--------+

Top non-repeatable levels by time:
     D:1: 1389 daAuts
     D:3: 1255 daAuts
     D:4: 940 daAuts
     D:2: 747 daAuts
   Sewer: 410 daAuts
     D:5: 14 daAuts
